 Dungeon Crawl Stone Soup version 0.31-a0-1338-gb567cfdca4 (webtiles) character file.

Game seed: 6633232943436616767

422 jasper the Twirler (level 6, -1/44 HPs)
             Began as a Human Gladiator on Dec 22, 2023.
             Slain by a sky beast (5 damage)
             ... on level 4 of the Dungeon.
             The game lasted 00:03:06 (819 turns).

jasper the Twirler (Human Gladiator)                 Turns: 819, Time: 00:03:06

Health: -1/44      AC:  8    Str: 17    XL:     6   Next: 95%
Magic:  6/6        EV: 11    Int:  8    God:
Gold:   45         SH:  0    Dex: 14    Spells: 5/5 levels left

rFire   . . .        a - +0 quarterstaff
rCold   . . .        (shield currently unavailable)
rNeg    . . .        l - +0 ring mail
rPois   .            c - +0 helmet
rElec   .            (no cloak)
rCorr   .            (no gloves)
SInv    .            i - +1 pair of boots
Will    .....        f - amulet of the acrobat
Stlth   +            j - ring of flight
HPRegen 0.27/turn    (no ring)
MPRegen 0.10/turn

%: acrobat
@: flying
A: explore regen
a: no special abilities


You were on level 4 of the Dungeon.
You visited 1 branch of the dungeon, and saw 4 of its levels.

You collected 45 gold pieces.

Inventory:

Hand Weapons
 a - a +0 quarterstaff (weapon)
 h - a +0 sling
Armour
 b - a +0 leather armour
 c - a +0 helmet (worn)
 i - a +1 pair of boots (worn)
 k - a +0 pair of boots
 l - a +0 ring mail (worn)
Jewellery
 f - an amulet of the acrobat (around neck)
 g - an amulet of magic regeneration
 j - a ring of flight (left hand)


   Skills:
 - Level 2.0 Fighting
 + Level 7.6 Staves
 - Level 2.0 Throwing
 - Level 3.0 Dodging


You had 5 spell levels left.
You didn't know any spells.
Your spell library contained the following spells:

 Spells                   Type           Power      Damage    Failure   Level
 Lesser Beckoning         Tloc           0%         N/A       77%         2
 Gell's Gravitas          Tloc           0%         N/A       94%         3
 Teleport Other           Tloc           0%         N/A       94%         3


Dungeon Overview and Level Annotations

Branches:
Dungeon (4/15)
 Temple: D:4-7

Altars:

Shops:
D:3 (

Annotations:
D:3 1 transporter


Innate Abilities, Weirdness & Mutations

You regain HP and MP as you explore.


Message History

The gnoll hits you from afar with a +0 halberd!
You take 9 damage, and have 26/44 hp.
MASSIVE DAMAGE!!
You miss something. Something hits you. Something shocks you.
The gnoll barely misses you.
You take 5 damage, and have 21/44 hp.
You barely miss something.
A sky beast appears from thin air!
Reactivating autopickup.
The sky beast barely misses you. The gnoll hits you but does no damage.
You barely miss the sky beast.
The sky beast is lightly wounded.
The sky beast closely misses you.
The gnoll hits you from afar with a +0 halberd.
You take 2 damage, and have 19/44 hp.
You hit the sky beast.
The sky beast is lightly wounded.
The sky beast hits you. The sky beast shocks you.
* * * LOW HITPOINT WARNING * * *
The gnoll misses you.
You take 9 damage, and have 10/44 hp.
MASSIVE DAMAGE!!
You hit the sky beast.
The sky beast is moderately wounded.
The sky beast flickers out of sight!
Deactivating autopickup; reactivate with Ctrl-A.
Something hits you but does no damage.
You aren't carrying any potions.
Unknown command.
You miss something.
The gnoll hits you from afar with a +0 halberd.
* * * LOW HITPOINT WARNING * * *
Something hits you but does no damage.
You take 6 damage, and have 5/44 hp.
You aren't carrying any scrolls.
Unknown command.
You closely miss something. The gnoll barely misses you.
A sky beast appears from thin air!
Reactivating autopickup.
The sky beast hits you.
* * * LOW HITPOINT WARNING * * *
The sky beast shocks you.
You die...

#..B.!......
#.#
####.####.$.
#Y# .. #K#
.. #.# .#
#o# .# #.#
.# #.#####.#
#gBgY@$.#
#########


You could see a sky beast, a bombardier beetle and 2 gnolls.

Vanquished Creatures
  2 phantoms (D:4)
  A hound (D:4)
  An orc priest (D:4)
  Jessica (D:2)
  2 orc wizards (D:4)
  2 iguanas (D:4)
  Robin (D:3)
  2 gnolls (D:4)
  An adder (D:4)
  A worm (D:2)
  5 orcs (D:4)
  4 endoplasms
  2 giant cockroaches
  10 goblins
  6 hobgoblins
  A quokka (D:1)
  4 ball pythons
  2 kobolds (D:4)
  3 rats (D:1)
51 creatures vanquished.

Notes
Turn   | Place    | Note
-------+----------+-------------------------------------------
     0 | D:1      | jasper the Human Gladiator began the quest for the Orb.
     0 | D:1      | Reached XP level 1. HP: 16/16 MP: 1/1
    79 | D:1      | Reached XP level 2. HP: 22/22 MP: 2/2
   143 | D:2      | Noticed Jessica
   161 | D:2      | Killed Jessica
   162 | D:2      | Reached skill level 4 in Staves
   162 | D:2      | Reached XP level 3. HP: 18/27 MP: 3/3
   185 | D:3      | Noticed Robin
   234 | D:3      | Killed Robin
   235 | D:3      | Reached XP level 4. HP: 3/33 MP: 4/4
   342 | D:3      | Found a transporter.
   395 | D:3      | Found Yjoylean's Weapon Shop.
   420 | D:4      | Reached skill level 5 in Staves
   471 | D:4      | Reached XP level 5. HP: 27/38 MP: 5/5
   618 | D:4      | Reached skill level 6 in Staves
   688 | D:4      | Noticed a phantom
   709 | D:4      | Killed a phantom
   710 | D:4      | Reached XP level 6. HP: 32/44 MP: 6/6
   729 | D:4      | Reached skill level 7 in Staves
   772 | D:4      | Noticed a sky beast
   819 | D:4      | Slain by a sky beast

Illustrated notes

Levels and vault maps discovered:
D:1:      minmay_arrival_four_circles, layout_rooms
D:2:      layout_loops_ring, serial_shops, shop, basic_altar, uniq_terence,
          uniq_jessica
D:3:      layout_basic, nicolae_hepliaklqana_hazy_memory, serial_shops, shop,
          gammafunk_ghost_mausoleum, uniq_robin
D:4:      layout_loops_ring

Skill      XL: |  1  2  3  4  5  6 |
---------------+-------------------+-----
Staves         | 4 5 6 7 |  7.6
Fighting       | |  2.0
Throwing       | |  2.0
Dodging        | |  3.0

Action                     |  1- 3 |  4- 6 || total
---------------------------+-------+-------++-------
  Melee: Quarterstaff      |    65 |   124 ||   189
  Throw: Throwing net      |     2 |     2 ||     4
         Javelin           |       |     1 ||     1
    Use: Scroll            |     2 |     1 ||     3
         Potion            |     4 |       ||     4
   Stab: Held in net/web   |     1 |       ||     1
 Armour: Leather armour    |    43 |    34 ||    77
         Ring mail         |       |    45 ||    45
  Dodge: Dodged            |    65 |    69 ||   134

Table legend: (Time is in decaauts)
 A = Elapsed time spent in this place.
 B = Non-inter-level travel time spent in this place.
 C = Inter-level travel time spent in this place.
 D = Time resting spent in this place.
 E = Time spent auto-exploring this place.
 F = Levels seen in this place.
 G = Mean time per level.
                   A        B        C        D        E       F      G
               +--------+--------+--------+--------+--------+-----+--------+
         Total |    829 |    829 |      0 |      0 |    279 |   4 |  207.2 |
       Dungeon |    829 |    829 |      0 |      0 |    279 |   4 |  207.2 |
               +--------+--------+--------+--------+--------+-----+--------+

Top non-repeatable levels by time:
     D:4: 405 daAuts
     D:3: 232 daAuts
     D:1: 121 daAuts
     D:2: 70 daAuts
